Oilers vs Predators

Created - October 21 2011 at 18:55

Goals
1 2 3 T
Oilers 2 0 0 2
Predators 0 3 3 6
Shots
1 2 3 T
Oilers 6 11 13 30
Predators 7 8 6 21

Period #1

1. Oilers , Fernando Pisani 2 (Michal Handzus) at 3:04
2. Oilers , Derek Roy 1 (Roman Hamrlik, Dany Heatley) at 5:22 (PP)

Penalties :
Braydon Coburn (NSH) for Goalie Interference (Minor) at 0:42, Wayne Simmonds (NSH) for High sticking (Minor) at 4:13, Paul Gaustad (NSH) for Roughing (Minor) at 5:28, Fernando Pisani (EDM) for Interference (Minor) at 7:42, Brandon Prust (NSH) for Holding (Minor) at 10:20, Zbynek Michalek (NSH) for Tripping (Minor) at 16:12

Period #2

3. Predators , Marian Gaborik 2 (Patric Hornqvist, Brent Burns) at 0:32
4. Predators , Steven Stamkos 7 (Shea Weber) at 1:22
5. Predators , Steven Stamkos 8 (Milan Michalek) at 13:41

Penalties :
Scott Hannan (EDM) for Cross-checking (Minor) at 3:14, Roman Hamrlik (EDM) for Slashing (Minor) at 3:16, T.J. Galiardi (NSH) for Hooking (Minor) at 6:14, Patric Hornqvist (NSH) for Roughing (Double Minor) at 8:49, Brent Burns (NSH) for Hooking (Minor) at 16:41, Chris Phillips (EDM) for Tripping (Minor) at 19:29

Period #3

6. Predators , Steven Stamkos 9 (Shea Weber) at 2:34
7. Predators , Shea Weber 3 (Milan Michalek, Marian Gaborik) at 7:17 (PP)
8. Predators , Steven Stamkos 10 (Shea Weber) at 14:29

Penalties :
Dany Heatley (EDM) for Roughing (Minor) at 5:34, Shea Weber (NSH) for Interference (Minor) at 9:21

Goalie Stats

Dan Ellis (EDM), 0 saves from 0 shots - (0.000), 5:31 minutes
Kari Lehtonen (EDM), 15 saves from 21 shots - (0.714), L, 0-4-2, 54:29 minutes
Pekka Rinne (NSH), 28 saves from 30 shots - (0.933), W, 6-1-1, 60:00 minutes

Players Stats

Oilers
Player Name              G  A  P  +/- PIM S  H  SB FO    MP 
------------------------------------------------------------
Adam Burish              0  0  0   0  0   0  0  1  0/0   4  
Adrian Aucoin            0  0  0  -2  0   2  3  0  0/0   22 
Andrew Ladd              0  0  0  -2  0   3  1  0  0/1   18 
Brent Sopel              0  0  0   0  0   0  5  0  0/0   13 
Chris Phillips           0  0  0  -2  2   0  2  0  0/0   22 
Dany Heatley             0  1  1  -2  2   5  2  0  0/0   20 
Derek Roy                1  0  1  -2  0   3  1  0  8/21  16 
Fernando Pisani          1  0  1   0  2   5  1  0  1/2   14 
Jochen Hecht             0  0  0  -2  0   1  0  0  0/0   17 
Karlis Skrastins         0  0  0  -2  0   1  0  1  0/0   21 
Michal Handzus           0  1  1   0  0   2  1  0  12/22 18 
Radek Dvorak             0  0  0   0  0   0  0  0  0/1   6  
Roman Hamrlik            0  1  1  -2  2   3  1  0  0/0   22 
Scott Hannan             0  0  0   0  2   1  1  0  0/0   16 
Scott Nichol             0  0  0   0  0   0  1  0  4/7   6  
Stephen Weiss            0  0  0  -2  0   2  2  0  18/27 20 
Steve Sullivan           0  0  0   0  0   2  2  0  1/1   14 
Todd Marchant            0  0  0  -2  0   0  4  0  0/2   20 
Predators
Player Name              G  A  P  +/- PIM S  H  SB FO    MP 
------------------------------------------------------------
Arron Asham              0  0  0   0  0   0  1  0  0/1   6  
Brandon Prust            0  0  0   0  2   1  0  0  1/1   6  
Braydon Coburn           0  0  0   0  2   0  0  2  0/0   22 
Brent Burns              0  1  1   1  2   1  0  1  0/0   22 
Cody Franson             0  0  0   3  0   0  1  0  0/0   15 
Jeff Carter              0  0  0   4  0   2  1  2  0/0   21 
Marian Gaborik           1  1  2   0  0   2  0  0  0/2   15 
Milan Michalek           0  2  2   4  0   2  1  0  0/2   18 
Nicklas Backstrom        0  0  0   0  0   1  0  0  10/18 19 
Patric Hornqvist         0  1  1   0  4   2  2  0  0/1   14 
Paul Gaustad             0  0  0   0  2   1  1  0  11/19 15 
Shea Weber               1  3  4   4  2   3  3  0  0/0   19 
Simon Gagne              0  0  0   0  0   0  0  0  0/1   11 
Steven Stamkos           4  0  4   4  0   6  4  0  9/20  15 
T.J. Galiardi            0  0  0   0  2   0  1  0  8/18  15 
Tomas Kaberle            0  0  0   0  0   0  0  3  0/0   23 
Wayne Simmonds           0  0  0   0  2   0  1  0  1/1   8  
Zbynek Michalek          0  0  0   0  2   0  0  1  0/0   18 

3 Stars

1 - Steven Stamkos (NSH)
2 - Shea Weber (NSH)
3 - Milan Michalek (NSH)

Power Play

Oilers - 1 on 10 Attempt(s) - 10.00%
Predators - 1 on 5 Attempt(s) - 20.00%

Penalty Kill

Oilers - 4 on 5 Attempt(s) - 80.00% - Score 0 goal in Penalty Kill
Predators - 9 on 10 Attempt(s) - 90.00% - Score 0 goal in Penalty Kill

Game Notes

Steven Stamkos has scored a Hat Trick!
Dan Ellis enters game at 14:29 of 3rd period

Finance

Level 1 -- Attendance: 5850 (90.00%) -- Ticket Income $468,000.00
Level 2 -- Attendance: 4608 (92.16%) -- Ticket Income $239,616.00
Level 3 -- Attendance: 3455 (98.71%) -- Ticket Income $103,650.00
Level 4 -- Attendance: 1113 (100.00%) -- Ticket Income $22,260.00
Luxury Box -- Attendance: 975 (97.50%) -- Ticket Income $131,625.00
Game was played at the Bridgestone Arena
Total Attendance: 16001 (93.50%)
Total Ticket Income: $1,004,160.00
Other Income: $220,225.50
Total Income: $1,224,386.00


Play by Play

Period #1

0:01 of 1st period - Steven Stamkos wins face-off versus Derek Roy in neutral zone.
0:17 of 1st period - Shot by Steven Stamkos.
0:17 of 1st period - Shot Misses the Net.
0:27 of 1st period - Shot by Steven Stamkos.
0:27 of 1st period - Shot Hit the Post.
0:29 of 1st period - Shot by Shea Weber.
0:29 of 1st period - Stopped by Kari Lehtonen without a rebound.
0:30 of 1st period - Nicklas Backstrom wins face-off versus Stephen Weiss in Oilers zone.
0:42 of 1st period - Minor Penalty to Braydon Coburn for Goalie Interference.
0:43 of 1st period - Paul Gaustad wins face-off versus Stephen Weiss in Predators zone.
0:43 of 1st period - Paul Gaustad is hit by Todd Marchant.
1:17 of 1st period - Shot by Adrian Aucoin.
1:17 of 1st period - Shot Blocked by Brent Burns.
1:38 of 1st period - Icing by Dany Heatley.
1:39 of 1st period - Paul Gaustad wins face-off versus Derek Roy in Oilers zone.
3:00 of 1st period - Shot by Fernando Pisani.
3:00 of 1st period - Stopped by Pekka Rinne with a rebound.
3:02 of 1st period - Shot by Fernando Pisani.
3:02 of 1st period - Shot Misses the Net.
3:04 of 1st period - Shot by Fernando Pisani.
3:04 of 1st period - Goal by Fernando Pisani - Oilers : 1 - Predators : 0.
3:05 of 1st period - Scott Nichol wins face-off versus Milan Michalek in neutral zone.
3:05 of 1st period - Chris Phillips is hit by Jeff Carter and loses puck.
3:47 of 1st period - Steve Sullivan is hit by Shea Weber and loses puck.
4:13 of 1st period - Minor Penalty to Wayne Simmonds for High sticking.
4:14 of 1st period - T.J. Galiardi wins face-off versus Stephen Weiss in Predators zone.
4:14 of 1st period - T.J. Galiardi is hit by Todd Marchant.
5:20 of 1st period - Shot by Roman Hamrlik.
5:20 of 1st period - Shot Blocked by Braydon Coburn.
5:22 of 1st period - Shot by Derek Roy.
5:22 of 1st period - Goal by Derek Roy - Oilers : 2 - Predators : 0.
5:23 of 1st period - Paul Gaustad wins face-off versus Michal Handzus in neutral zone.
5:28 of 1st period - Minor Penalty to Paul Gaustad for Roughing.
5:29 of 1st period - Steven Stamkos wins face-off versus Derek Roy in Predators zone.
6:33 of 1st period - Shot by Andrew Ladd.
6:33 of 1st period - Stopped by Pekka Rinne without a rebound.
6:34 of 1st period - Stephen Weiss wins face-off versus Nicklas Backstrom in Predators zone.
6:53 of 1st period - Zbynek Michalek is hit by Stephen Weiss and loses puck.
7:42 of 1st period - Minor Penalty to Fernando Pisani for Interference.
7:43 of 1st period - Scott Nichol wins face-off versus Marian Gaborik in Oilers zone.
7:43 of 1st period - Scott Nichol is hit by Steven Stamkos.
8:09 of 1st period - Shot by Steven Stamkos.
8:09 of 1st period - Stopped by Kari Lehtonen without a rebound.
8:10 of 1st period - Nicklas Backstrom wins face-off versus Michal Handzus in Oilers zone.
9:51 of 1st period - Shot by Paul Gaustad.
9:51 of 1st period - Stopped by Kari Lehtonen without a rebound.
9:52 of 1st period - Paul Gaustad wins face-off versus Fernando Pisani in Oilers zone.
10:20 of 1st period - Minor Penalty to Brandon Prust for Holding.
10:21 of 1st period - Derek Roy wins face-off versus T.J. Galiardi in Predators zone.
11:42 of 1st period - Icing by Stephen Weiss.
11:43 of 1st period - Stephen Weiss wins face-off versus T.J. Galiardi in Oilers zone.
12:15 of 1st period - Shot by Dany Heatley.
12:15 of 1st period - Stopped by Pekka Rinne with a rebound.
12:17 of 1st period - Shot by Chris Phillips.
12:17 of 1st period - Shot Blocked by Zbynek Michalek.
12:19 of 1st period - Shot by Chris Phillips.
12:19 of 1st period - Shot Hit the Post.
12:53 of 1st period - Shot by Milan Michalek.
12:53 of 1st period - Stopped by Kari Lehtonen with a rebound.
12:56 of 1st period - Icing by Scott Hannan.
12:57 of 1st period - Michal Handzus wins face-off versus T.J. Galiardi in Oilers zone.
12:57 of 1st period - Michal Handzus is hit by T.J. Galiardi.
13:00 of 1st period - Icing by Scott Hannan.
13:01 of 1st period - T.J. Galiardi wins face-off versus Michal Handzus in Oilers zone.
13:14 of 1st period - Shot by Wayne Simmonds.
13:14 of 1st period - Shot Misses the Net.
13:37 of 1st period - Off-side.
13:38 of 1st period - Stephen Weiss wins face-off versus Patric Hornqvist in neutral zone.
13:52 of 1st period - Patric Hornqvist is hit by Adrian Aucoin and loses puck.
14:09 of 1st period - Shot by Nicklas Backstrom.
14:09 of 1st period - Deflect By Marian Gaborik.
14:09 of 1st period - Shot Misses the Net.
14:11 of 1st period - Shot by Nicklas Backstrom.
14:11 of 1st period - Stopped by Kari Lehtonen with a rebound.
14:13 of 1st period - Shot by Nicklas Backstrom.
14:13 of 1st period - Shot Blocked by Karlis Skrastins.
14:17 of 1st period - Shot by Marian Gaborik.
14:17 of 1st period - Stopped by Kari Lehtonen with a rebound.
14:30 of 1st period - Icing by Adrian Aucoin.
14:31 of 1st period - Stephen Weiss wins face-off versus Steven Stamkos in Oilers zone.
14:31 of 1st period - Andrew Ladd is hit by Steven Stamkos and loses puck.
14:39 of 1st period - Steven Stamkos is hit by Adrian Aucoin and loses puck.
14:46 of 1st period - Shot by Steven Stamkos.
14:46 of 1st period - Shot Misses the Net.
14:50 of 1st period - Shot by Jeff Carter.
14:50 of 1st period - Shot Misses the Net.
14:54 of 1st period - Shot by Milan Michalek.
14:54 of 1st period - Shot Misses the Net.
14:58 of 1st period - Shot by Milan Michalek.
14:58 of 1st period - Stopped by Kari Lehtonen without a rebound.
14:59 of 1st period - T.J. Galiardi wins face-off versus Derek Roy in Oilers zone.
15:52 of 1st period - Zbynek Michalek is hit by Steve Sullivan and loses puck.
16:12 of 1st period - Minor Penalty to Zbynek Michalek for Tripping.
16:13 of 1st period - Derek Roy wins face-off versus Paul Gaustad in Predators zone.
16:43 of 1st period - Jochen Hecht is hit by Shea Weber and loses puck.
17:12 of 1st period - Shot by Adrian Aucoin.
17:12 of 1st period - Stopped by Pekka Rinne with a rebound.
18:04 of 1st period - Off-side.
18:05 of 1st period - Paul Gaustad wins face-off versus Derek Roy in neutral zone.
18:14 of 1st period - Scott Hannan is hit by Arron Asham and loses puck.
18:34 of 1st period - Fernando Pisani is hit by Cody Franson and loses puck.
18:55 of 1st period - Paul Gaustad is hit by Chris Phillips and loses puck.
19:12 of 1st period - Shot by Dany Heatley.
19:12 of 1st period - Shot Misses the Net.

Period #2

0:01 of 2nd period - Steven Stamkos wins face-off versus Derek Roy in neutral zone.
0:18 of 2nd period - Off-side.
0:19 of 2nd period - Stephen Weiss wins face-off versus Nicklas Backstrom in neutral zone.
0:22 of 2nd period - Shot by Andrew Ladd.
0:22 of 2nd period - Shot Blocked by Braydon Coburn.
0:32 of 2nd period - Shot by Marian Gaborik.
0:32 of 2nd period - Goal by Marian Gaborik - Oilers : 2 - Predators : 1.
0:33 of 2nd period - Michal Handzus wins face-off versus T.J. Galiardi in neutral zone.
0:41 of 2nd period - Icing by T.J. Galiardi.
0:42 of 2nd period - T.J. Galiardi wins face-off versus Derek Roy in Predators zone.
1:08 of 2nd period - Icing by Roman Hamrlik.
1:09 of 2nd period - Derek Roy wins face-off versus Steven Stamkos in Oilers zone.
1:09 of 2nd period - Derek Roy is hit by Milan Michalek.
1:22 of 2nd period - Shot by Steven Stamkos.
1:22 of 2nd period - Goal by Steven Stamkos - Oilers : 2 - Predators : 2.
1:23 of 2nd period - Stephen Weiss wins face-off versus Nicklas Backstrom in neutral zone.
1:26 of 2nd period - Shot by Andrew Ladd.
1:26 of 2nd period - Shot Misses the Net.
1:38 of 2nd period - Shot by Nicklas Backstrom.
1:38 of 2nd period - Shot Misses the Net.
1:40 of 2nd period - Shot by Patric Hornqvist.
1:40 of 2nd period - Stopped by Kari Lehtonen without a rebound.
1:41 of 2nd period - Michal Handzus wins face-off versus Steven Stamkos in Oilers zone.
1:41 of 2nd period - Michal Handzus is hit by Steven Stamkos.
2:19 of 2nd period - Steven Stamkos is hit by Fernando Pisani and loses puck.
2:47 of 2nd period - Nicklas Backstrom is hit by Brent Sopel and loses puck.
2:51 of 2nd period - Patric Hornqvist is hit by Brent Sopel and loses puck.
3:01 of 2nd period - Marian Gaborik is hit by Brent Sopel and loses puck.
3:07 of 2nd period - Nicklas Backstrom is hit by Brent Sopel and loses puck.
3:13 of 2nd period - Marian Gaborik is hit by Brent Sopel and loses puck.
3:14 of 2nd period - Minor Penalty to Scott Hannan for Cross-checking.
3:15 of 2nd period - Steven Stamkos wins face-off versus Scott Nichol in Oilers zone.
3:15 of 2nd period - Marian Gaborik is hit by Chris Phillips and loses puck.
3:16 of 2nd period - Minor Penalty to Roman Hamrlik for Slashing.
3:17 of 2nd period - Stephen Weiss wins face-off versus Steven Stamkos in Oilers zone.
3:17 of 2nd period - Stephen Weiss is hit by Patric Hornqvist.
5:08 of 2nd period - Shot by Jeff Carter.
5:08 of 2nd period - Shot Misses the Net.
5:10 of 2nd period - Shot by Shea Weber.
5:10 of 2nd period - Shot Blocked by Adam Burish.
5:12 of 2nd period - Shot by Jeff Carter.
5:12 of 2nd period - Stopped by Kari Lehtonen with a rebound.
5:19 of 2nd period - Icing by Roman Hamrlik.
5:20 of 2nd period - Scott Nichol wins face-off versus Arron Asham in Oilers zone.
5:25 of 2nd period - Shot by Dany Heatley.
5:25 of 2nd period - Stopped by Pekka Rinne without a rebound.
5:26 of 2nd period - Paul Gaustad wins face-off versus Derek Roy in Predators zone.
6:14 of 2nd period - Minor Penalty to T.J. Galiardi for Hooking.
6:15 of 2nd period - Stephen Weiss wins face-off versus Paul Gaustad in Predators zone.
6:20 of 2nd period - Shot by Andrew Ladd.
6:20 of 2nd period - Shot Misses the Net.
6:24 of 2nd period - Shot by Stephen Weiss.
6:24 of 2nd period - Stopped by Pekka Rinne without a rebound.
6:25 of 2nd period - Stephen Weiss wins face-off versus Nicklas Backstrom in Predators zone.
6:26 of 2nd period - Shot by Andrew Ladd.
6:26 of 2nd period - Stopped by Pekka Rinne without a rebound.
6:27 of 2nd period - Nicklas Backstrom wins face-off versus Andrew Ladd in Predators zone.
6:27 of 2nd period - Nicklas Backstrom is hit by Stephen Weiss.
6:34 of 2nd period - Icing by Karlis Skrastins.
6:35 of 2nd period - Stephen Weiss wins face-off versus Paul Gaustad in Oilers zone.
6:45 of 2nd period - Shot by Adrian Aucoin.
6:45 of 2nd period - Stopped by Pekka Rinne without a rebound.
6:46 of 2nd period - Stephen Weiss wins face-off versus Nicklas Backstrom in Predators zone.
7:41 of 2nd period - Shot by Dany Heatley.
7:41 of 2nd period - Stopped by Pekka Rinne with a rebound.
7:43 of 2nd period - Shot by Roman Hamrlik.
7:43 of 2nd period - Stopped by Pekka Rinne without a rebound.
7:44 of 2nd period - Derek Roy wins face-off versus Paul Gaustad in Predators zone.
7:45 of 2nd period - Shot by Roman Hamrlik.
7:45 of 2nd period - Stopped by Pekka Rinne without a rebound.
7:46 of 2nd period - Paul Gaustad wins face-off versus Derek Roy in Predators zone.
8:19 of 2nd period - Shot by Fernando Pisani.
8:19 of 2nd period - Stopped by Pekka Rinne without a rebound.
8:20 of 2nd period - Michal Handzus wins face-off versus Steven Stamkos in Predators zone.
8:36 of 2nd period - Off-side.
8:37 of 2nd period - Nicklas Backstrom wins face-off versus Stephen Weiss in neutral zone.
8:49 of 2nd period - Double Minor Penalty to Patric Hornqvist for Roughing.
8:50 of 2nd period - Stephen Weiss wins face-off versus T.J. Galiardi in Predators zone.
9:22 of 2nd period - Icing by Andrew Ladd.
9:23 of 2nd period - T.J. Galiardi wins face-off versus Stephen Weiss in Oilers zone.
10:43 of 2nd period - Shot by Brent Burns.
10:43 of 2nd period - Shot Misses the Net.
11:14 of 2nd period - Shot by Stephen Weiss.
11:14 of 2nd period - Shot Blocked by Jeff Carter.
11:16 of 2nd period - Shot by Michal Handzus.
11:16 of 2nd period - Shot Misses the Net.
11:18 of 2nd period - Shot by Scott Hannan.
11:18 of 2nd period - Stopped by Pekka Rinne without a rebound.
11:19 of 2nd period - Michal Handzus wins face-off versus T.J. Galiardi in Predators zone.
11:33 of 2nd period - Icing by Adrian Aucoin.
11:34 of 2nd period - Paul Gaustad wins face-off versus Michal Handzus in Oilers zone.
11:52 of 2nd period - Jeff Carter is hit by Adrian Aucoin and loses puck.
12:10 of 2nd period - Off-side.
12:11 of 2nd period - Fernando Pisani wins face-off versus T.J. Galiardi in neutral zone.
12:31 of 2nd period - Icing by Roman Hamrlik.
12:32 of 2nd period - Nicklas Backstrom wins face-off versus Derek Roy in Oilers zone.
13:41 of 2nd period - Shot by Steven Stamkos.
13:41 of 2nd period - Goal by Steven Stamkos - Oilers : 2 - Predators : 3.
13:42 of 2nd period - Wayne Simmonds wins face-off versus Scott Nichol in neutral zone.
14:49 of 2nd period - Shea Weber is hit by Andrew Ladd.
15:21 of 2nd period - Shot by Patric Hornqvist.
15:21 of 2nd period - Stopped by Kari Lehtonen without a rebound.
15:22 of 2nd period - Brandon Prust wins face-off versus Michal Handzus in Oilers zone.
15:43 of 2nd period - Icing by Michal Handzus.
15:44 of 2nd period - Steve Sullivan wins face-off versus Marian Gaborik in Oilers zone.
15:59 of 2nd period - Braydon Coburn is hit by Michal Handzus and loses puck.
16:13 of 2nd period - Off-side.
16:14 of 2nd period - Paul Gaustad wins face-off versus Stephen Weiss in neutral zone.
16:29 of 2nd period - Shot by Brandon Prust.
16:29 of 2nd period - Stopped by Kari Lehtonen without a rebound.
16:30 of 2nd period - Derek Roy wins face-off versus Steven Stamkos in Oilers zone.
16:41 of 2nd period - Shot by Derek Roy.
16:41 of 2nd period - Stopped by Pekka Rinne without a rebound.
16:41 of 2nd period - Minor Penalty to Brent Burns for Hooking.
16:42 of 2nd period - Paul Gaustad wins face-off versus Stephen Weiss in Predators zone.
17:00 of 2nd period - Shot by Karlis Skrastins.
17:00 of 2nd period - Shot Blocked by Tomas Kaberle.
17:07 of 2nd period - Icing by Adrian Aucoin.
17:08 of 2nd period - Stephen Weiss wins face-off versus Paul Gaustad in Oilers zone.
17:08 of 2nd period - Stephen Weiss is hit by Paul Gaustad.
17:24 of 2nd period - Icing by Karlis Skrastins.
17:25 of 2nd period - T.J. Galiardi wins face-off versus Stephen Weiss in Oilers zone.
18:01 of 2nd period - Icing by Chris Phillips.
18:02 of 2nd period - Derek Roy wins face-off versus T.J. Galiardi in Oilers zone.
18:53 of 2nd period - Shot by Steve Sullivan.
18:53 of 2nd period - Stopped by Pekka Rinne without a rebound.
18:54 of 2nd period - Michal Handzus wins face-off versus Steven Stamkos in Predators zone.
19:08 of 2nd period - Icing by Shea Weber.
19:09 of 2nd period - Steven Stamkos wins face-off versus Scott Nichol in Predators zone.
19:22 of 2nd period - Shot by Dany Heatley.
19:22 of 2nd period - Shot Hit the Post.
19:29 of 2nd period - Minor Penalty to Chris Phillips for Tripping.
19:30 of 2nd period - Steven Stamkos wins face-off versus Michal Handzus in Oilers zone.
19:31 of 2nd period - Shot by Shea Weber.
19:31 of 2nd period - Stopped by Kari Lehtonen without a rebound.
19:32 of 2nd period - Steven Stamkos wins face-off versus Todd Marchant in Oilers zone.

Period #3

0:01 of 3rd period - Michal Handzus wins face-off versus Steven Stamkos in neutral zone.
0:01 of 3rd period - Michal Handzus is hit by Patric Hornqvist.
1:01 of 3rd period - Shot by Jeff Carter.
1:01 of 3rd period - Shot Misses the Net.
1:03 of 3rd period - Shot by Jeff Carter.
1:03 of 3rd period - Shot Misses the Net.
1:05 of 3rd period - Shot by Jeff Carter.
1:05 of 3rd period - Stopped by Kari Lehtonen without a rebound.
1:06 of 3rd period - Nicklas Backstrom wins face-off versus Michal Handzus in Oilers zone.
2:24 of 3rd period - Off-side.
2:25 of 3rd period - Steven Stamkos wins face-off versus Todd Marchant in neutral zone.
2:34 of 3rd period - Shot by Steven Stamkos.
2:34 of 3rd period - Goal by Steven Stamkos - Oilers : 2 - Predators : 4.
2:35 of 3rd period - Nicklas Backstrom wins face-off versus Michal Handzus in neutral zone.
2:39 of 3rd period - Off-side.
2:40 of 3rd period - Stephen Weiss wins face-off versus Nicklas Backstrom in neutral zone.
3:21 of 3rd period - Shot by Andrew Ladd.
3:21 of 3rd period - Stopped by Pekka Rinne without a rebound.
3:22 of 3rd period - Michal Handzus wins face-off versus Steven Stamkos in Predators zone.
3:31 of 3rd period - Shot by Steve Sullivan.
3:31 of 3rd period - Stopped by Pekka Rinne without a rebound.
3:32 of 3rd period - Derek Roy wins face-off versus Simon Gagne in Predators zone.
3:45 of 3rd period - Shot by Jochen Hecht.
3:45 of 3rd period - Stopped by Pekka Rinne without a rebound.
3:46 of 3rd period - Michal Handzus wins face-off versus Steven Stamkos in Predators zone.
3:57 of 3rd period - Shot by Michal Handzus.
3:57 of 3rd period - Stopped by Pekka Rinne with a rebound.
4:17 of 3rd period - Shot by Steven Stamkos.
4:17 of 3rd period - Shot Misses the Net.
4:21 of 3rd period - Shot by Steven Stamkos.
4:21 of 3rd period - Stopped by Kari Lehtonen without a rebound.
4:22 of 3rd period - Stephen Weiss wins face-off versus T.J. Galiardi in Oilers zone.
5:06 of 3rd period - Stephen Weiss is hit by Wayne Simmonds and loses puck.
5:34 of 3rd period - Minor Penalty to Dany Heatley for Roughing.
5:35 of 3rd period - Scott Nichol wins face-off versus Nicklas Backstrom in Oilers zone.
5:44 of 3rd period - Nicklas Backstrom is hit by Scott Nichol and loses puck.
5:51 of 3rd period - Shot by Brent Burns.
5:51 of 3rd period - Stopped by Kari Lehtonen with a rebound.
7:05 of 3rd period - Icing by Shea Weber.
7:06 of 3rd period - Paul Gaustad wins face-off versus Stephen Weiss in Predators zone.
7:17 of 3rd period - Shot by Shea Weber.
7:17 of 3rd period - Goal by Shea Weber - Oilers : 2 - Predators : 5.
7:18 of 3rd period - Michal Handzus wins face-off versus Paul Gaustad in neutral zone.
7:41 of 3rd period - Shot by Michal Handzus.
7:41 of 3rd period - Deflect By Fernando Pisani.
7:41 of 3rd period - Shot Misses the Net.
7:43 of 3rd period - Shot by Brent Sopel.
7:43 of 3rd period - Shot Blocked by Tomas Kaberle.
7:47 of 3rd period - Shot by Steve Sullivan.
7:47 of 3rd period - Shot Blocked by Tomas Kaberle.
7:51 of 3rd period - Shot by Michal Handzus.
7:51 of 3rd period - Stopped by Pekka Rinne without a rebound.
7:52 of 3rd period - Nicklas Backstrom wins face-off versus Derek Roy in Predators zone.
9:05 of 3rd period - Shea Weber is hit by Todd Marchant and loses puck.
9:11 of 3rd period - Andrew Ladd is hit by Shea Weber and loses puck.
9:21 of 3rd period - Minor Penalty to Shea Weber for Interference.
9:22 of 3rd period - Stephen Weiss wins face-off versus Milan Michalek in Predators zone.
9:45 of 3rd period - Shot by Stephen Weiss.
9:45 of 3rd period - Stopped by Pekka Rinne without a rebound.
9:46 of 3rd period - Stephen Weiss wins face-off versus Paul Gaustad in Predators zone.
9:55 of 3rd period - Shot by Andrew Ladd.
9:55 of 3rd period - Shot Blocked by Jeff Carter.
10:40 of 3rd period - T.J. Galiardi is hit by Dany Heatley and loses puck.
10:45 of 3rd period - Shot by Dany Heatley.
10:45 of 3rd period - Deflect By Derek Roy.
10:45 of 3rd period - Stopped by Pekka Rinne without a rebound.
10:46 of 3rd period - Michal Handzus wins face-off versus Paul Gaustad in Predators zone.
11:23 of 3rd period - Shot by Brent Sopel.
11:23 of 3rd period - Shot Misses the Net.
11:27 of 3rd period - Shot by Fernando Pisani.
11:27 of 3rd period - Stopped by Pekka Rinne without a rebound.
11:28 of 3rd period - Steven Stamkos wins face-off versus Michal Handzus in Predators zone.
11:28 of 3rd period - Steven Stamkos is hit by Steve Sullivan.
11:42 of 3rd period - Scott Hannan is hit by Steven Stamkos and loses puck.
12:45 of 3rd period - Icing by Steve Sullivan.
12:46 of 3rd period - Nicklas Backstrom wins face-off versus Michal Handzus in Oilers zone.
12:46 of 3rd period - Nicklas Backstrom is hit by Scott Hannan.
14:06 of 3rd period - Paul Gaustad is hit by Todd Marchant and loses puck.
14:29 of 3rd period - Shot by Steven Stamkos.
14:29 of 3rd period - Goal by Steven Stamkos - Oilers : 2 - Predators : 6.
14:29 of 3rd period - Dan Ellis enters game.
14:30 of 3rd period - T.J. Galiardi wins face-off versus Radek Dvorak in neutral zone.
14:52 of 3rd period - Shot by Dany Heatley.
14:52 of 3rd period - Stopped by Pekka Rinne without a rebound.
14:53 of 3rd period - Nicklas Backstrom wins face-off versus Derek Roy in Predators zone.
15:24 of 3rd period - Nicklas Backstrom is hit by Dany Heatley and loses puck.
16:10 of 3rd period - Shot by Karlis Skrastins.
16:10 of 3rd period - Stopped by Pekka Rinne without a rebound.
16:11 of 3rd period - Stephen Weiss wins face-off versus Steven Stamkos in Predators zone.
17:27 of 3rd period - Marian Gaborik is hit by Roman Hamrlik and loses puck.
18:33 of 3rd period - Icing by Braydon Coburn.
18:34 of 3rd period - Derek Roy wins face-off versus Nicklas Backstrom in Predators zone.
18:45 of 3rd period - Shot by Roman Hamrlik.
18:45 of 3rd period - Stopped by Pekka Rinne with a rebound.
18:47 of 3rd period - Shot by Chris Phillips.
18:47 of 3rd period - Shot Misses the Net.
18:49 of 3rd period - Shot by Dany Heatley.
18:49 of 3rd period - Stopped by Pekka Rinne without a rebound.
18:50 of 3rd period - Michal Handzus wins face-off versus T.J. Galiardi in Predators zone.
18:57 of 3rd period - Shot by Fernando Pisani.
18:57 of 3rd period - Stopped by Pekka Rinne with a rebound.
19:19 of 3rd period - Icing by Simon Gagne.
19:20 of 3rd period - T.J. Galiardi wins face-off versus Derek Roy in Predators zone.
19:20 of 3rd period - T.J. Galiardi is hit by Derek Roy.
19:34 of 3rd period - Shot by Simon Gagne.
19:34 of 3rd period - Shot Misses the Net.


Output by the SimonT Hockey Simulator (STHS) for Stephane Roy -- Original Page W3C XHTML 1.0 Valid